 Dungeon Crawl Stone Soup version 0.25.0-1-g7eea58d2a3 (webtiles) character file.

Game seed: 5640281556531517751

3682 Esekla the Carver (level 10, -8/65 HPs)
             Began as an Octopode Skald on June 14, 2020.
             Was an Initiate of Gozag.
             Shot with an arrow by a centaur (17 damage)
             ... on level 8 of the Dungeon on June 15, 2020.
             The game lasted 00:50:50 (5798 turns).

Esekla the Carver (Octopode Skald)                  Turns: 5798, Time: 00:50:50

Health: -8/65      AC: -1    Str: 11    XL:     10   Next: 13%
Magic:  9/16       EV: 15    Int: 27    God:    Gozag
Gold:   135        SH:  0    Dex: 11    Spells: 9/17 levels left

rFire    . . .     SeeInvis .   E - +0 long sword (vorpal)
rCold    . . .     Gourm    .   (no shield)
rNeg     . . .     Faith    .   (helmet restricted)
rPois    .         Spirit   .   e - amulet of regeneration
rElec    .         Reflect  .   f - +4 ring of slaying
rCorr    .         Harm     .   C - +6 ring of intelligence
MR       +....                  (no ring)
Stlth    ++........             (no ring)
HPRegen  0.60/turn              (no ring)
MPRegen  0.15/turn              (no ring)
                                (no ring)
                                (no ring)

@: corroded, very slightly contaminated
A: almost no armour, stealthy swim, amphibious, 8 rings, constrict 8, tentacle
spike 1, yellow scales 1, camouflage 1, clever 1, magic resistance 1, gelatinous
body 1
a: Potion Petition, Call Merchant, Bribe Branch, Renounce Religion


You were on level 8 of the Dungeon.
You worshipped Gozag.
Gozag was aware of your devotion.
You were not hungry.

You visited 2 branches of the dungeon, and saw 9 of its levels.
You also visited: Ossuary.

You collected 1048 gold pieces.
You spent 328 gold pieces at shops.
You paid 585 gold pieces to Gozag.

Inventory:

Hand Weapons
 v - a +1 dagger of draining
 E - a +0 vorpal long sword (weapon)
Missiles
 w - 10 boomerangs (quivered)
 y - 6 javelins
Jewellery
 e - an amulet of regeneration (around mantle)
 f - a +4 ring of slaying (left tentacle)
 C - a +6 ring of intelligence (right tentacle)
Wands
 g - a wand of flame (23)
 l - a wand of paralysis (17)
 z - a wand of polymorph (8)
Scrolls
 a - a scroll of identify
 b - a scroll of immolation {unknown}
 i - 5 scrolls of teleportation
 k - 6 scrolls of remove curse
 n - a scroll of magic mapping {unknown}
 p - a scroll of summoning {unknown}
 q - 6 scrolls of enchant armour {unknown}
 s - 2 scrolls of fear {unknown}
 t - 2 scrolls of silence {unknown}
 u - a scroll of amnesia
 D - a scroll of enchant weapon
Potions
 h - a potion of stabbing
 j - 2 potions of flight
 m - 2 potions of might
 o - 7 potions of curing
 r - 2 potions of mutation
 x - 2 potions of ambrosia {unknown}
 A - a potion of lignification
 B - a potion of brilliance {unknown}
Comestibles
 c - 9 rations


   Skills:
 + Level 4.5 Fighting
 * Level 9.1 Long Blades
 + Level 1.6 Throwing
 * Level 5.8 Dodging
 + Level 4.2 Spellcasting
 + Level 4.5 Charms
 * Level 4.6 Translocations
 * Level 4.3 Ice Magic


You had 9 spell levels left.
You knew the following spells:

 Your Spells              Type           Power        Failure   Level  Hunger
a - Ozocubu's Armour      Chrm/Ice       ####....     3%          3    ##.....
d - Infusion              Chrm           ####         1%          1    None
g - Shroud of Golubria    Chrm/Tloc      ####..       1%          2    None
s - Song of Slaying       Chrm           ####....     1%          2    None

Your spell library contained the following spells:

 Spells                   Type           Power        Failure   Level  Hunger
 Gell's Gravitas          Tloc           ####......   3%          3    ##.....
 Spectral Weapon          Hex/Chrm       ###.....     9%          3    ##.....
 Confusing Touch          Hex            #.......     24%         3    ##.....
 Petrify                  Tmut/Erth      #.......     61%         4    ####...
 Metabolic Englaciation   Hex/Ice        ###.......   65%         5    #####..
 Yara's Violent Unravell  Hex/Tmut       #.........   91%         5    #####..


Dungeon Overview and Level Annotations

Branches:
Dungeon (8/15)             Temple (1/1) D:5         Ossuary (visited)
   Lair: D:8-11

Altars:
Elyvilon
Fedhas
Gozag
Nemelex Xobeh
Okawaru
Trog
Yredelemnul
Zin
The Shining One

Shops:
D:4 [   D:6 !   D:7 *

Annotations:
D:8 Grum


Innate Abilities, Weirdness & Mutations

You cannot wear most types of armour.
You are very stealthy in the water. (Stealth+)
You are amphibious.
You can wear up to eight rings at the same time.
You can use your tentacles to constrict eight enemies at once.
Your skin changes colour to match your surroundings (Stealth+).
Your rubbery body absorbs attacks. (AC +1, EV +1)
One of your tentacles bears a spike.
You are partially covered in yellow scales. (AC +2)
Your mind is acute. (Int +2)
You are resistant to hostile enchantments. (MR+)


Message History

You miscast Ozocubu's Armour.
You are very lightly contaminated with residual magic.
Nothing appears to happen.
The centaur hits you.
The centaur hits you but does no damage.
Casting: Ozocubu's Armour (dangerous; 3% risk of failure)
Confirm with . or Enter, or press ? or * to list all spells.
A film of ice covers your body!
The centaur zaps a wand.
The bolt of acid hits you! The acid corrodes you!
You are splashed with acid!
* * * LOW HITPOINT WARNING * * *
Your icy armour cracks and falls away as you move.
The centaur wields a +0 shortbow.
The centaur shoots an arrow.
The arrow barely misses you.
The arrow closely misses the quokka.
The quokka barely misses you.
The centaur shoots an arrow.
The arrow hits you!
* * * LOW HITPOINT WARNING * * *
The quokka bites you.
* * * LOW HITPOINT WARNING * * *
The centaur shoots an arrow.
The arrow hits you!
You die...
Your body crumbles into a pile of gold.

$ #..nP....# ....a......
#PPP.....+ #.........
#.PP.PPP.P.P......# #.........
#...P.P.........$.######.........
#....P.....P............c....t...
#......PP....###.#######...gh.<..
#....P....P#.###.......).#h#+#+#.
#..$.o.....#.##(.......#))...#...
#..$.......#.##r@......#.))....##
###'########.##.#.###....#.......
#............##.#Z# ###..#...#.##
#............##c#.# #..#####.#
#........o.....o..# #........#
#...........#..............[####
............#.####.####.....#
########...##.# ... #.....#
#...##.# ...#.....#


You could see an orc warrior, a centaur, a quokka and a bullfrog skeleton.

Vanquished Creatures
  Harold (D:7)
  A hornet (D:8)
  6 orc warriors
  An ice beast (D:6)
  2 phantoms
  2 black bears
  2 ogres
  A centaur (D:5)
  A crocodile (D:8)
  Blork the orc (D:6)
  3 bullfrogs
  2 scorpions
  A howler monkey (D:4)
  2 crimson imps
  9 orc wizards
  3 orc priests
  4 hounds
  A jelly (D:5)
  A bullfrog skeleton (D:4)
  Natasha (thrice) (D:3)
  4 worker ants
  12 mummies (Ossuary)
  7 adders
  A shadow imp (D:7)
  2 adder skeletons
  A dart slug (D:2)
  A leopard gecko (D:2)
  14 orcs
  A giant cockroach (D:3)
  8 goblins
  4 hobgoblins
  12 jackals
  2 kobolds (D:2)
  6 quokkas
  6 bats
  4 frilled lizards
  4 gnoll skeletons (Ossuary)
  A goblin skeleton (Ossuary)
  2 leopard gecko skeletons
  3 orc skeletons (Ossuary)
  8 rats
  11 rat skeletons (Ossuary)
161 creatures vanquished.

Vanquished Creatures (others)
  A fungus (D:8)
1 creature vanquished.

Grand Total: 162 creatures vanquished

Notes
Turn   | Place    | Note
-------+----------+-------------------------------------------
     0 | D:1      | Esekla the Octopode Skald began the quest for the Orb.
     0 | D:1      | Reached XP level 1. HP: 14/14 MP: 3/3
   318 | D:1      | Reached XP level 2. HP: 18/19 MP: 5/5
   524 | D:2      | Learned a level 2 spell: Shroud of Golubria
   527 | D:2      | Learned a level 2 spell: Song of Slaying
   562 | D:2      | Found a blossoming altar of Fedhas.
   625 | D:2      | Reached XP level 3. HP: 24/24 MP: 6/6
   964 | D:3      | Reached skill level 3 in Long Blades
  1125 | D:3      | Reached XP level 4. HP: 18/29 MP: 3/7
  1458 | D:3      | Noticed Natasha
  1467 | D:3      | Killed Natasha
  1467 | D:3      | Reached XP level 5. HP: 22/35 MP: 5/8
  1474 | D:3      | Noticed Natasha
  1484 | D:3      | Killed Natasha
  1507 | D:3      | Noticed Natasha
  1512 | D:3      | Found an opulent altar of Gozag.
  1517 | D:3      | Became a worshipper of Gozag Ym Sagoz the Greedy
  1523 | D:3      | Killed Natasha
  1523 | D:3      | Reached skill level 4 in Long Blades
  1565 | D:3      | Found a glowing silver altar of Zin.
  1742 | D:3      | Learned a level 3 spell: Ozocubu's Armour
  1824 | D:4      | Found a sand-covered staircase.
  1829 | Ossuary  | Entered an ossuary
  2004 | Ossuary  | Reached XP level 6. HP: 29/41 MP: 9/9
  2352 | Ossuary  | Reached skill level 1 in Ice Magic
  2411 | D:4      | Reached skill level 5 in Long Blades
  2411 | D:4      | Reached skill level 1 in Translocations
  2509 | D:3      | Found a white marble altar of Elyvilon.
  2564 | D:4      | Found Ydaof's Antique Armour Boutique.
  2626 | D:4      | Found a bloodstained altar of Trog.
  2736 | D:4      | Reached XP level 7. HP: 39/45 MP: 6/10
  3002 | D:5      | Entered Level 5 of the Dungeon
  3176 | D:5      | Found a staircase to the Ecumenical Temple.
  3190 | Temple   | Entered the Ecumenical Temple
  3776 | D:5      | Reached skill level 6 in Long Blades
  3942 | D:6      | Reached XP level 8. HP: 46/52 MP: 5/12
  4033 | D:6      | Found Arhoa's Distillery.
  4036 | D:6      | Bought a potion of degeneration for 12 gold pieces
  4036 | D:6      | Bought a potion of lignification for 36 gold pieces
  4060 | D:6      | Gained mutation: You are partially covered in yellow
                  | scales. (AC +2) [potion of mutation]
  4060 | D:6      | Gained mutation: You are resistant to hostile enchantments.
                  | (MR+) [potion of mutation]
  4060 | D:6      | Gained mutation: One of your tentacles bears a spike.
                  | [potion of mutation]
  4060 | D:6      | Gained mutation: Your mind is acute. (Int +2) [potion of
                  | mutation]
  4167 | D:6      | Noticed Blork the orc
  4170 | D:6      | Killed Blork the orc
  4466 | D:6      | Reached skill level 7 in Long Blades
  4602 | D:7      | Noticed Harold
  4611 | D:7      | Killed Harold
  4611 | D:7      | Reached skill level 8 in Long Blades
  4611 | D:7      | Reached skill level 1 in Throwing
  4611 | D:7      | Reached skill level 5 in Dodging
  4611 | D:7      | Reached XP level 9. HP: 58/58 MP: 10/14
  5526 | D:8      | Reached XP level 10. HP: 47/65 MP: 13/16
  5535 | D:8      | Reached skill level 9 in Long Blades
  5558 | D:8      | Noticed Grum
  5617 | D:7      | Bought a scroll labeled FOOKUFEMOECW for 33 gold pieces
  5617 | D:7      | Bought a runed long sword for 214 gold pieces
  5617 | D:7      | Bought a scroll labeled XOALYO MUEDE for 33 gold pieces
  5798 | D:8      | Shot with an arrow by a centaur

Illustrated notes

Levels and vault maps discovered:
D:1:      tarquinn_simple_flora_water_c, layout_loops_ring
D:2:      layout_rooms, fedhas_ov_isle_minmay
D:3:      lemuel_upstairs_altar, layout_basic, lemuel_doored_altar,
          zin_statuary, first_ration, uniq_natasha
D:4:      layout_gridville, kennysheep_mini, serial_shops, shop,
          nicolae_ossuary_entry_plus
D:5:      layout_loops_cross, minmay_temple_entry_stoned_glass
D:6:      layout_cave_pools, serial_shops, nicolae_shop_trees,
          uniq_blork_the_orc
D:7:      layout_basic, uniq_harold
D:8:      layout_basic, old_standard_altar, grunt_lair_entry_orc_guard_hut,
          uniq_grum
Temple:   regret_index_temple_waves

Skill      XL: |  1  2  3  4  5  6  7  8  9 10 |
---------------+-------------------------------+-----
Long Blades    | 3 4 5 6 8 9 |  9.1
Dodging        | 3 4 5 |  5.8
Ice Magic      | 1 2 3 4 |  4.3
Translocations | 1 2 3 4 |  4.6
Fighting       | 3 4 |  4.5
Spellcasting   | 3 4 |  4.2
Throwing       | 1 |  1.6
Charms         | 4 |  4.5

Action                   |  1- 3 |  4- 6 |  7- 9 | 10-12 || total
-------------------------+-------+-------+-------+-------++-------
Melee: Falchion          |    57 |   105 |     5 |       ||   167
       Constrict         |    21 |    40 |    35 |     5 ||   101
       Tentacles         |    11 |    27 |    37 |     3 ||    78
       Long sword        |       |       |   161 |    11 ||   172
       Kick              |       |       |    40 |     5 ||    45
Throw: Boomerang         |       |       |    24 |       ||    24
 Cast: Infusion          |     1 |       |       |       ||     1
       Shroud of Golubri |     2 |     3 |    13 |     1 ||    19
       Ozocubu's Armour  |       |     7 |    14 |     3 ||    24
       Song of Slaying   |       |     1 |     2 |       ||     3
Invok: Potion Petition   |       |       |     1 |       ||     1
       Call Merchant     |       |       |       |     1 ||     1
  Use: Scroll            |       |     8 |     3 |     2 ||    13
       Potion            |       |       |     6 |     2 ||     8
 Stab: Sleeping          |       |     6 |     4 |       ||    10
       Distracted        |       |       |     1 |       ||     1
  Eat: Chunk             |       |     3 |       |       ||     3
       Ration            |       |     1 |     4 |       ||     5
Armor: Skin              |     4 |     9 |    21 |     2 ||    36
Dodge: Dodged            |    57 |    53 |    99 |    26 ||   235
       Rpst.: Falchion   |    18 |    18 |     2 |       ||    38
       Long sword        |       |       |    24 |     7 ||    31
